AoeStats
← Audi_13

Arabia

510135401Analyzed
1v1 RM · 2d ago on Sep 29, 2026· 37m 43s· 2 players
Game mode
Random Map
Map size
Tiny (2 player)
Population
200
Speed
Normal
Resources
Standard
Victory
Conquest
Starting age
Dark Age
Ending age
Imperial Age
RankedLock teamsTeams togetherTeam positionsShared explorationLock speedFull tech treeHidden civsTurbo modeCheats
Victory
Defeat
🇺🇦 Ethiopians · Ukraine
1452
+16
🇪🇸 Mongols · Spain
1461
-16
Audi_13
5:51 Loom
9:19 Feudal Age
9:50 Double-Bit Axe
11:06 Fletching
16:55 Town Watch
20:54 Castle Age
20:59 Crossbowman
21:53 Bow Saw
22:24 Bodkin Arrow
26:20 Padded Archer Armor
37:36 Imperial Age
Madcap3005
8:17 Feudal Age
8:01 Loom
9:00 Double-Bit Axe
16:21 Fletching
17:02 Padded Archer Armor
19:00 Wheelbarrow
22:43 Castle Age
21:45 Horse Collar
23:30 Bodkin Arrow
23:50 Leather Archer Armor
23:31 Elite Skirmisher
27:53 Bow Saw
32:59 Gold Mining
34:27 Hand Cart
36:04 Ballistics
35:48 Town Watch
37:01 Gold Shaft Mining
36:17 Stone Mining
Connection lost

Rejoining the realm…

Still unreachable

The connection could not be restored.

Session expired

The server has moved on; the page needs a fresh start.